 Dungeon Crawl Stone Soup version 0.30.0-29-ga12c61a403 (webtiles) character file.

Game seed: 8478041635437042433

1577 Sabo the Cudgeller (level 8, -8/105 HPs)
             Began as a Green Draconian Berserker on June 12, 2023.
             Was a Priest of Trog.
             Killed from afar by an electric eel (10 damage)
             ... with a bolt of electricity
             ... on level 7 of the Dungeon.
             The game lasted 00:35:13 (7307 turns).

Sabo the Cudgeller (Green Draconian Berserker)      Turns: 7307, Time: 00:35:16

Health: -8/105     AC:  6    Str: 23    XL:     8   Next: 60%
Magic:  8/8        EV: 18    Int:  7    God:    Trog [***...]
Gold:   301        SH:  5    Dex: 10    Spells: 7/7 levels left

rFire   . . .        B - +0 war axe
rCold   . . .        (no shield)
rNeg    . . .        (body armour unavailable)
rPois   +            (helmet restricted)
rElec   .            s - scarf {repulsion}
rCorr   .            (no gloves)
SInv    .            (no boots)
Will    .....        q - amulet of reflection Stlth
                     o - +5 ring of evasion
HPRegen 0.37/turn    (no ring)
MPRegen 0.11/turn

%: repel missiles, reflection
@: berserking, short of breath, very quick
A: breathe noxious fumes, AC +6, unfitting armour, poison resistance,
cold-blooded
a: Breathe Noxious Fumes, Renounce Religion, Berserk, Trog's Hand


You were on level 7 of the Dungeon.
You worshipped Trog.
Trog was most pleased with you.
You visited 1 branch of the dungeon, and saw 7 of its levels.

You collected 301 gold pieces.

Inventory:

Hand Weapons
 d - a +0 morningstar
 v - a +0 shortbow
 x - a +2 long sword of distortion
 B - a +0 war axe (weapon)
 E - a +1 mace of draining
Missiles
 h - 6 javelins (quivered)
 y - 2 silver javelins
Armour
 s - a scarf of repulsion (worn)
Jewellery
 f - an amulet of faith
 o - a +5 ring of evasion (left hand)
 q - an amulet of reflection (around neck)
 t - an amulet of magic regeneration
Wands
 z - a wand of digging (15)
 D - a wand of flame (5)
Scrolls
 b - 7 scrolls of teleportation
 i - a scroll of fear
 m - a scroll of magic mapping
 n - a scroll of blinking
 p - a scroll of silence
 A - a scroll of enchant armour
 C - a scroll of fog
Potions
 a - 2 potions of heal wounds {unknown}
 c - a potion of magic {unknown}
 e - a potion of might {unknown}
 g - 3 potions of flight {unknown}
 j - 2 potions of attraction {unknown}
 k - 2 potions of cancellation
 l - 2 potions of brilliance {unknown}
 r - a potion of resistance {unknown}
 u - a potion of mutation {unknown}
 w - 2 potions of curing {unknown}


   Skills:
 + Level 6.0 Fighting
 + Level 5.1(6.6) Axes
 + Level 6.4(7.3) Maces & Flails
 + Level 5.4 Dodging
 + Level 1.4 Stealth
 + Level 2.1 Shields


You had 7 spell levels left.
You didn't know any spells.
Your spell library was empty.

Dungeon Overview and Level Annotations

Branches:
Dungeon (7/15)             Temple (0/1) D:7

Altars:
Cheibriados
Nemelex Xobeh
Okawaru

Shops:
D:3 :   D:5 :

Annotations:
D:7 1 transporter


Innate Abilities, Weirdness & Mutations

You can breathe blasts of noxious fumes.
Your lurid green scales are hard. (AC +6)
You cannot fit into any form of body armour.
Your system is resistant to poisons. (rPois)
You are cold-blooded and may be slowed by cold attacks.


Message History

The electric eel dives back into the water!
The electric eel shoots out a bolt of lightning at you!
The bolt of electricity hits you!
The electric eel is engulfed in noxious fumes.
You barely miss the electric eel. You slash the electric eel!
You barely miss the electric eel. x2
The electric eel shoots out a bolt of lightning at you!
The bolt of electricity misses you.
The electric eel is engulfed in noxious fumes.
The electric eel appears confused.
You slash the electric eel!
The electric eel is heavily wounded.
You strike the helpless electric eel from behind!
You slash the electric eel!
You kill the electric eel!
Trog accepts your kill.
You hear a splash.
The electric eel shoots out a bolt of lightning at you!
The bolt of electricity hits you!
* * * LOW HITPOINT WARNING * * *
The bolt of electricity hits you!
* * * LOW HITPOINT WARNING * * *
The bolt of electricity hits the electric eel.
The electric eel completely resists.
A red film seems to cover your vision as you go berserk!
You feel yourself moving faster!
You feel mighty!
The electric eel shoots out a bolt of lightning at you!
The bolt of electricity hits you!
* * * LOW HITPOINT WARNING * * *
The bolt of electricity misses you.
The bolt of electricity hits the electric eel.
The electric eel completely resists.
You miss the electric eel.
The electric eel is heavily wounded.
The electric eel shoots out a bolt of lightning at you!
The bolt of electricity hits you.
* * * LOW HITPOINT WARNING * * *
The electric eel shoots out a bolt of lightning at you!
The bolt of electricity misses you. The bolt of electricity hits you!
You die...

.......# #..#P.!.P#.#
#......... .......#
#..###+###.# ##....###'
##+##### #..#~P~~~#.#
#....# #. .......#
#..#~~~~~#.# #....# #.
.......# #..#~P~~~#.#
#....###. .......#
#..#~~⌠~~#.# #....#...
.......# #..#~~~S~#.#
#....#.#. .......#
#..#~...†#.# #....#.##
.......# #..#~..@S#.#
#....#.#. .......#
#..###'###.# #....#.#.
.......# #..#P...~#.#
#....#.#. .......#
#..#8.©.8#.# #....#.#.
.......# #..#######.#
#......#. ##....##
#.....©....# ####.###.
#....#
#.###...###########'#...
#....####..##..###
#.........##
#....#...........#
#.........#<


You could see 2 electric eels.

Vanquished Creatures
  Sigmund (D:6)
  A water moccasin (D:5)
  3 ice beasts
  A black bear (D:5)
  A centaur (D:5)
  2 phantoms
  A bullfrog (D:7)
  An electric eel (D:7)
  3 hounds
  A gnoll bouda (D:6)
  A jelly (D:6)
  An orc priest (D:5)
  A sleepcap (D:6)
  4 iguanas
  2 orc wizards (D:5)
  Robin (D:3)
  8 gnolls
  9 adders
  A shadow imp (D:7)
  A white imp (D:7)
  An ufetubus (D:5)
  4 worms
  A dart slug (D:2)
  6 orcs
  4 ball pythons
  9 bats
  4 endoplasms
  2 giant cockroaches (D:2)
  8 goblins
  7 hobgoblins
  3 jackals (D:5)
  3 kobolds
  5 quokkas
  A frilled lizard (D:1)
  5 rats
107 creatures vanquished.

Notes
Turn   | Place    | Note
-------+----------+-------------------------------------------
     0 | D:1      | Sabo the Draconian Berserker began the quest for the Orb.
     0 | D:1      | Reached XP level 1. HP: 19/19 MP: 1/1
   754 | D:1      | Reached XP level 2. HP: 26/26 MP: 2/2
  1206 | D:2      | Found a snail-covered altar of Cheibriados.
  1238 | D:2      | Reached XP level 3. HP: 19/33 MP: 3/3
  1980 | D:3      | Found Xireokyp's Vocational Training.
  2017 | D:3      | Noticed Robin
  2026 | D:3      | Reached ** piety under Trog
  2041 | D:3      | Killed Robin
  2042 | D:3      | Reached XP level 4. HP: 23/40 MP: 4/4
  2712 | D:3      | Reached XP level 5. HP: 46/46 MP: 5/5
  3748 | D:4      | Noticed a phantom
  3765 | D:4      | Killed a phantom
  3766 | D:4      | Reached skill level 1 in Maces & Flails
  3966 | D:5      | Entered Level 5 of the Dungeon
  4006 | D:5      | Reached skill level 5 in Axes
  4006 | D:5      | Reached XP level 6. HP: 16/53 MP: 6/6
  4626 | D:5      | Found Ikomyrph's Book Boutique.
  4654 | D:5      | Reached skill level 1 in Shields
  4654 | D:5      | Your scales start taking on a lurid green colour.
  4654 | D:5      | Reached XP level 7. HP: 60/60 MP: 7/7
  4654 | D:5      | Gained mutation: Your system is resistant to poisons.
                  | (rPois) [Green Draconian growth]
  4723 | D:5      | Reached *** piety under Trog
  4724 | D:5      | Reached skill level 5 in Fighting
  4724 | D:5      | Reached skill level 1 in Stealth
  5847 | D:6      | Reached XP level 8. HP: 69/69 MP: 8/8
  5873 | D:6      | Reached skill level 5 in Maces & Flails
  6049 | D:6      | Noticed Sigmund
  6097 | D:6      | Killed Sigmund
  6098 | D:6      | Reached skill level 5 in Dodging
  6633 | D:7      | Found a transporter.
  6643 | D:7      | Found a transporter.
  6839 | D:7      | Found a sparkling altar of Nemelex Xobeh.
  6845 | D:7      | Found an iron altar of Okawaru.
  6856 | D:7      | Found a staircase to the Ecumenical Temple.
  7307 | D:7      | HP: 2/105 [electric eel/bolt of electricity (4)]
  7307 | D:7      | Killed from afar by an electric eel

Illustrated notes

Levels and vault maps discovered:
D:1:      dpeg_arrival_three_same_balls, layout_basic, minmay_tree_intersection
D:2:      layout_loops_ring, basic_altar
D:3:      kennysheep_big_flooded_room, layout_basic, corner_web_ring,
          nicolae_shop_vocational, uniq_robin
D:4:      layout_loops_ring
D:5:      layout_loops_cross, serial_shops, shop, grunt_decor_one_mirror
D:6:      layout_basic, uniq_sigmund
D:7:      gammafunk_steamed_eel, layout_basic, grunt_temple_overflow_open,
          minmay_temple_entry_statues_pillars

Skill      XL: |  1  2  3  4  5  6  7  8 |
---------------+-------------------------+-----
Dodging        | 3 4 5 |  5.4
Fighting       | 4 5 6 |  6.0
Axes           | 4 5 |  5.1
Maces & Flails | 1 3 4 6 |  6.4
Shields        | 1 2 |  2.1
Stealth        | 1 |  1.4

Action                     |  1- 3 |  4- 6 |  7- 9 || total
---------------------------+-------+-------+-------++-------
  Melee: Hand axe          |   125 |    57 |       ||   182
         Tailslap          |    15 |    11 |    15 ||    41
         Punch             |     1 |       |       ||     1
         Morningstar       |       |    85 |   158 ||   243
         War axe           |       |       |     5 ||     5
 Invoke: Berserk           |       |     1 |     1 ||     2
         Trog's Hand       |       |       |     1 ||     1
Ability: Breathe Noxious F |       |       |     4 ||     4
    Use: Scroll            |     1 |     5 |     5 ||    11
   Stab: Confused          |       |       |     1 ||     1
 Armour: Skin              |    34 |    26 |    46 ||   106
  Dodge: Dodged            |    86 |   118 |   158 ||   362
         Repelled          |       |       |     5 ||     5
  Block: Other             |       |    25 |    27 ||    52
         Reflection        |       |     3 |       ||     3
